 Dungeon Crawl Stone Soup version 0.29-a0-542-g075992c915 (console) character file.

Game seed: 12194175531251995522

167843 jejorda2 the Deadly Accurate (level 17, -5/139 HPs)
             Began as a Merfolk Berserker on June 3, 2022.
             Was an Elder of Trog.
             Killed from afar by Bai Suzhen (15 damage)
             ... with a torrent of water
             ... on level 4 of the Swamp.
             The game lasted 02:18:44 (37448 turns).

jejorda2 the Deadly Accurate (Merfolk Berserker)   Turns: 37448, Time: 02:18:45

Health: -5/139     AC: 21    Str: 27    XL:     17   Next: 93%
Magic:  17/17      EV: 19    Int: 10    God:    Trog [****..]
Gold:   753        SH: 17    Dex: 21    Spells: 16/16 levels left

rFire   + . .      SeeInvis +   b - +4 scimitar (flame)
rCold   + . .      Faith    +   X - +2 kite shield {reflect}
rNeg    + . .      Spirit   .   R - +4 ring mail of Ikiam {rElec rPois rF+ rN+}
rPois   +          Reflect  +   d - +2 helmet {SInv}
rElec   +          Harm     .   k - +0 cloak {rCorr}
rCorr   +          Rampage  .   E - +2 pair of gloves
Will    ++...                   F - +1 pair of boots of Cheibriados's Respect {rElec Str+7 Dex+3}
Stlth   +++.......              I - amulet "Tyrhok" {Faith rCorr}
HPRegen 0.33/turn               z - ring of Summertime {rC+ Will+ Int+3 Stlth+}
MPRegen 0.15/turn               (no ring)

@: mighty, on berserk cooldown
A: (nimble swimmer 2), mertail
a: Renounce Religion, Berserk, Trog's Hand, Brothers in Arms


You were on level 4 of the Swamp.
You worshipped Trog.
Trog was greatly pleased with you.
You visited 4 branches of the dungeon, and saw 27 of its levels.
You visited the Abyss 1 time.
You also visited: Sewer and Gauntlet.

You collected 2885 gold pieces.
You spent 2132 gold pieces at shops.

Inventory:

Hand Weapons
 a - the +6 double sword "Hofaddel" {freeze, rPois rC- Str+5}
   (You bought it in a shop on level 4 of the Dungeon)

   It freezes those it strikes, dealing additional cold damage.
   It can also slow down cold-blooded creatures.
   Str:       It affects your strength (+5).
   rC:        It makes you vulnerable to cold.
   rPois:     It protects you from poison.
 b - a +4 scimitar of flaming (weapon)
 w - the +8 dagger of Nisos {antimagic, +Blink rElec Str+2}
   (Trog gifted it to you on level 13 of the Dungeon)

   It reduces the magical energy of the wielder, and disrupts the spells and
   magical abilities of those it strikes.
   Natural abilities and divine invocations are not affected.
   Str:       It affects your strength (+2).
   rElec:     It insulates you from electricity.
   +Blink:    It lets you blink.
Missiles
 g - 2 boomerangs of dispersal
 p - 34 poisoned darts
 C - 16 javelins
 D - 2 datura-tipped darts
 H - 8 atropa-tipped darts
 J - 3 curare-tipped darts
 M - 2 throwing nets
 O - 16 boomerangs (quivered)
Armour
 d - a +2 helmet of see invisible (worn)
 k - a +0 cloak of preservation (worn)
 E - a +2 pair of gloves (worn)
 F - the +1 pair of boots of Cheibriados's Respect (worn) {rElec Str+7 Dex+3}
   (You found it in a Gauntlet)

   Str:       It affects your strength (+7).
   Dex:       It affects your dexterity (+3).
   rElec:     It insulates you from electricity.
 R - the +4 ring mail of Ikiam (worn) {rElec rPois rF+ rN+}
   (You found it on level 5 of the Lair of Beasts)

   rF:        It protects you from fire.
   rElec:     It insulates you from electricity.
   rPois:     It protects you from poison.
   rN:        It protects you from negative energy.
 X - a +2 kite shield of reflection (worn)
Jewellery
 z - the ring of Summertime (left hand) {rC+ Will+ Int+3 Stlth+}
   (You took it off an orc on level 13 of the Dungeon)

   [ring of willpower]

   Int:       It affects your intelligence (+3).
   rC:        It protects you from cold.
   Will:      It increases your willpower.
   Stlth:     It makes you more stealthy.
 I - the amulet "Tyrhok" (around neck) {Faith rCorr}
   (You bought it in a shop on level 2 of the Orcish Mines)

   [amulet of faith]

   It allows you to gain divine favour quickly.
   rCorr:     It protects you from acid and corrosion.
Wands
 e - a wand of flame (66)
 i - a wand of charming (2)
 o - a wand of iceblast (22)
 s - a wand of polymorph (11)
 K - a wand of acid (24)
 T - a wand of paralysis (8)
 W - a wand of mindburst (10)
Scrolls
 c - 9 scrolls of teleportation
 v - 3 scrolls of silence
 x - a scroll of magic mapping
 y - 2 scrolls of blinking
 B - 2 scrolls of fog
 N - a scroll of fear
 Q - 3 scrolls of poison
 Y - a scroll of summoning
Potions
 h - 9 potions of curing
 j - a potion of haste
 n - 4 potions of mutation
 q - 2 potions of resistance
 r - 4 potions of cancellation
 t - 5 potions of might
 u - 5 potions of flight
 G - a potion of ambrosia
 P - a potion of invisibility
 Z - a potion of heal wounds
Miscellaneous
 f - a phial of floods (inert)
 L - a tin of tremorstones (2/2)


   Skills:
 + Level 14.2 Fighting
 - Level 16.0 Long Blades
 - Level 16.0 Throwing
 * Level 9.4 Armour
 + Level 12.5 Dodging
 - Level 4.0 Stealth
 - Level 15.0 Shields
 - Level 9.0 Evocations


You had 16 spell levels left.
You didn't know any spells.
Your spell library was empty.

Dungeon Overview and Level Annotations

Branches:
Dungeon (15/15)            Temple (0/1) D:7            Lair (6/6) D:9
  Swamp (4/4) Lair:3        Snake (0/4) Lair:4        Slime (0/5) Lair:6
    Orc (2/2) D:9             Elf (0/3) Orc:2        Vaults (0/5) D:14
 Depths (0/4) D:15          Sewer (visited)         Gauntlet (visited)

Altars:
Cheibriados
Fedhas
Gozag
Hepliaklqana
Kikubaaqudgha
Qazlal
Ru
Vehumet
Beogh

Shops:
D:4 ((([((   D:11 **   D:14 *   Orc:2 [([[=[

Portals:
Ice
Cave: Swamp:4

Annotations:
Lair:6 1 runed translucent door, exclusion: door, frimble's ghost, journeyman GnWr
Swamp:4 Bai Suzhen


Innate Abilities, Weirdness & Mutations

((You are very nimble when in or above water. (Stealth+, EV+, Speed+++)))
Your lower body shifts to a powerful aquatic tail in water.


Message History

Aim: Bai Suzhen, wielding a +3 quarterstaff of speed (lightly wounded, waterlogged, 79% to hit)
You throw a throwing net. The throwing net hits Bai Suzhen.
Bai Suzhen is caught in the net!
Bai Suzhen is lightly wounded.
You hear a splash.
Bai Suzhen struggles against the net.
The will-o-the-wisp gestures.
The will-o-the-wisp conjures some foxfire!
A foxfire comes into view.
Okay, then.
Unknown command.
You slice Bai Suzhen!! You burn Bai Suzhen.
Bai Suzhen is moderately wounded.
A foxfire comes into view.
You catch the helpless Bai Suzhen completely off-guard!
You slash Bai Suzhen! You burn Bai Suzhen.
Bai Suzhen is moderately wounded.
Bai Suzhen struggles against the net.
You strike the helpless Bai Suzhen from behind!
You slice Bai Suzhen!!
You hear a splash.
Bai Suzhen roars in fury and transforms into a fierce dragon!
The net rips apart, and Bai Suzhen comes free!
You burn Bai Suzhen.
Bai Suzhen is severely wounded.
You are standing in a thunderstorm.
You are struck by lightning!
You resist.
* * * LOW HITPOINT WARNING * * *
You hit Bai Suzhen but do no damage.
Bai Suzhen is severely wounded.
You are standing in a thunderstorm.
Throw: 2 throwing nets
Press: ? - help, Shift-Dir - straight line, f/p - Bai Suzhen
Aim: Bai Suzhen (heavily wounded, surrounded by thunder, unaffected by silence, waterlogged, 88% to hit, immune to nets)
Okay, then.
Unknown command.
The will-o-the-wisp gestures.
The will-o-the-wisp conjures some foxfire!
Bai Suzhen breathes water at you. The torrent of water hits you!
You die...

..≈.≈..≈≈♣♣♣ ♣.≈≈≈≈≈♣♣
....≈)(..♣♣♣♣♣≈≈≈≈≈≈.♣
♣♣♣♣♣)†≈≈.....≈≈≈≈≈≈≈♣♣
*♣≈...§≈≈≈≈≈≈≈≈.......♣♣ ***
≈♣§§≈≈≈§.§≈≈≈≈.........♣***,**
♣.≈≈≈......§≈...........**,,≈*
♣♣≈≈≈..≈♣..≈......#.....,*,,,**
♣.≈...♣.♣....†.........,,,,,,**
*♣..≈≈≈.≈≈....#†@.......,,,,≈,≈*
*§.≈≈≈≈≈.u....≈§§§......,,,*,≈,*
*..≈≈≈≈≈≈.....#§D§∩.....,,**≈,,*
**♣≈≈≈§≈.....§vv§§......,,***≈**
*≈,≈≈§....§.§..v≈.....#.,,**≈,^*
*,≈≈.≈♣≈..≈.......≈.....,,*≈,,≈**
*≈****♣♣...♣....#...#...,≈,,,,,,*
*** *.≈.♣............,≈,≈,,≈** ≈*
****≈,,≈..........,,,,,,≈≈**


You could see Bai Suzhen (clouds, unsilenced, catching breath, waterlogged), a
white ugly thing (fleeing) and a will-o-the-wisp.

Vanquished Creatures
  Saint Roka (Orc:2)
  Jorgrun (D:15)
  A lich (Abyss:3)
  3 tentacled starspawn (Abyss:3)
  Kirke (D:14)
  A thorn hunter (Swamp:1)
  Roxanne (Swamp:2)
  An orc warlord (Orc:1)
  A ghoul (Swamp:3)
  A very ugly thing (Swamp:4)
  4 eleionomae
  A minotaur (Gauntlet)
  2 dire elephants (Swamp:3)
  A bunyip (Swamp:3)
  3 jiangshi (Abyss:3)
  3 shambling mangroves
  A rakshasa (Abyss:3)
  3 vault guards (D:14)
  2 ice dragons (D:15)
  5 ogre magi
  Harold (D:9)
  A spriggan air mage (Swamp:3)
  2 boulder beetles
  13 hydras
  4 centaur warriors
  19 two-headed ogres
  7 alligators
  A spriggan berserker (Swamp:3)
  Sonja (D:10)
  A tengu warrior (D:15)
  A deep elf knight (Swamp:3)
  Lodul (D:14)
  Amaemon (Lair:2)
  A glowing orange brain (Abyss:3)
  7 goliath frogs
  2 spriggan druids
  A deep elf archer (Swamp:3)
  6 swamp dragons
  3 bog bodies
  8 deep elf pyromancers
  An orc knight (D:14)
  3 deep elf zephyrmancers (Orc:2)
  4 orc sorcerers
  An oklob plant (Gauntlet)
  12 ugly things
  7 manticores
  4 will-o-the-wisps
  9 cyclopes
  A manticore (shapeshifter) (D:13)
  A guardian serpent (shapeshifter) (D:14)
  Joseph (D:10)
  21 elephants
  3 black mambas
  Maurice (D:10)
  A molten gargoyle (D:12)
  An unseen horror (D:10)
  An orange demon (Lair:2)
  A gargoyle (D:12)
  11 cane toads
  4 rime drakes
  2 efreet
  11 komodo dragons
  Maggie (Lair:2)
  A komodo dragon (shapeshifter) (D:9)
  A tengu conjurer (D:14)
  2 freezing wraiths (D:14)
  A bloated husk (Swamp:3)
  3 meliai (D:15)
  A tarantella (shapeshifter) (D:14)
  4 trolls
  A silent spectre (Abyss:3)
  5 polar bears
  8 tyrant leeches
  25 hornets
  A raiju (Gauntlet)
  Prince Ribbit (D:6)
  9 slime creatures
  21 blink frogs
  15 dream sheep (Lair:6)
  A jumping spider (shapeshifter) (D:13)
  4 small abominations (Abyss:3)
  A spriggan (shapeshifter) (D:15)
  A shadow (D:10)
  3 wyverns
  A vampire (D:9)
  2 wraiths
  31 spriggans
  59 yaks
  4 basilisks
  8 humans (D:14)
  A chaos spawn (Abyss:3)
  A neqoxec (Abyss:3)
  4 steam dragons
  Menkaure (D:5)
  3 nagas (Lair:4)
  8 vampire mosquitoes
  5 swamp worms
  Edmund (D:5)
  3 wargs
  5 acid dragons
  18 water moccasins
  Duvessa (D:5)
  2 swamp drakes
  A hell hound (Swamp:3)
  20 orc warriors
  An ice beast (D:7)
  3 sky beasts
  7 black bears
  6 boggarts
  41 ogres
  A phantom (D:6)
  10 centaurs
  33 wolves
  5 kobold brigands
  Blork the orc (D:4)
  10 bullfrogs
  2 gnoll sergeants
  6 necrophages
  2 scorpions
  12 wights
  Dowan (D:5)
  6 killer bees (D:10)
  5 spriggan skeletons (D:9)
  A troll skeleton (D:9)
  2 electric eels
  A howler monkey (D:11)
  2 hounds
  A jelly (D:7)
  8 orc priests
  A gnoll shaman (D:7)
  2 iguanas
  17 orc wizards
  10 gnolls
  2 river rats (Sewer)
  12 adders
  A shadow imp (D:8)
  A white imp (D:6)
  A worm (D:6)
  A dart slug (D:4)
  62 orcs
  8 ball pythons
  2 endoplasms
  2 giant cockroaches
  7 goblins
  9 hobgoblins
  8 jackals
  21 kobolds
  6 quokkas
  9 bats
  7 frilled lizards
  13 rats
  3 briar patches (Swamp:1)
880 creatures vanquished.

Vanquished Creatures (collateral kills)
  A profane servitor (Abyss:3)
  Rupert (D:14)
  A starcursed mass (Abyss:3)
  The ghost of Yteof the Thaumaturge, a journeyman DECj of Vehumet (D:13)
  A fire dragon (D:14)
  A boulder beetle (D:14)
  6 death yaks (Gauntlet)
  3 thrashing horrors (Abyss:3)
  A vampire mage (Abyss:3)
  A spriggan (Lair:6)
  A necromancer (Gauntlet)
  4 ugly things (Swamp:4)
  An efreet (Abyss:3)
  A hellwing (Abyss:3)
  A polar bear (Lair:6)
  2 hornets
  A neqoxec (Abyss:3)
  A warg (D:13)
  6 orc warriors
  An ogre (Orc:2)
  A small abomination (Abyss:3)
  2 wolves (Lair:6)
  A centaur (D:8)
  2 orc priests (D:13)
  9 orcs
  A starspawn tentacle (Abyss:3)
52 creatures vanquished.

Vanquished Creatures (others)
  A two-headed ogre (Orc:2)
  A human (D:14)
  An ogre (Orc:2)
  14 foxfires (Swamp:4)
  29 fungi
  35 plants
  8 starspawn tentacles (Abyss:3)
89 creatures vanquished.

Grand Total: 1021 creatures vanquished

Notes
Turn   | Place    | Note
-------+----------+-------------------------------------------
     0 | D:1      | jejorda2 the Merfolk Berserker began the quest for the Orb.
     0 | D:1      | Reached XP level 1. HP: 18/18 MP: 1/1
   147 | D:1      | Reached XP level 2. HP: 24/24 MP: 2/2
   217 | D:1      | Found a faded altar of an unknown god.
   627 | D:1      | Reached XP level 3. HP: 29/29 MP: 3/3
  1453 | D:2      | Reached XP level 4. HP: 34/37 MP: 4/4
  1585 | D:2      | Reached ** piety under Trog
  1893 | D:3      | Reached skill level 5 in Long Blades
  2137 | D:3      | Reached XP level 5. HP: 40/42 MP: 5/5
  2575 | D:3      | Found a blossoming altar of Fedhas.
  2655 | D:4      | Noticed a black bear
  2663 | D:4      | Killed a black bear
  2664 | D:4      | Reached XP level 6. HP: 49/49 MP: 6/6
  2825 | D:4      | Found Uggasama's Armour Shoppe.
  2860 | D:4      | Bought a +0 pair of boots for 54 gold pieces
  2882 | D:4      | Noticed Blork the orc
  2889 | D:4      | Killed Blork the orc
  3008 | D:4      | Found Emmenur's Weapon Boutique.
  3043 | D:4      | Reached skill level 5 in Fighting
  3043 | D:4      | Reached XP level 7. HP: 12/56 MP: 7/7
  3306 | D:3      | Found a snail-covered altar of Cheibriados.
  3388 | D:4      | Found a radiant altar of Vehumet.
  3419 | D:4      | Found Ifiburgh's Antique Weapon Shop.
  3579 | D:4      | Found a stormy altar of Qazlal.
  3580 | D:4      | Noticed a water elemental
  3584 | D:4      | Noticed a fire elemental
  3589 | D:4      | Noticed an air elemental
  3616 | D:4      | Found Roanorch's Weapon Emporium.
  3618 | D:4      | Found Redwet's Weapon Shop.
  3620 | D:4      | Found Vunogh's Weapon Boutique.
  3835 | D:4      | Bought 5 javelins for 44 gold pieces
  3864 | D:5      | Entered Level 5 of the Dungeon
  3894 | D:4      | Identified the +0 chain mail "Ifash" {Regen+ SInv}
  4139 | D:5      | Reached XP level 8. HP: 62/64 MP: 8/8
  4349 | D:5      | Noticed Menkaure
  4362 | D:5      | Killed Menkaure
  4403 | D:5      | Noticed Duvessa
  4403 | D:5      | Noticed Dowan
  4413 | D:5      | Killed Duvessa
  4418 | D:5      | Killed Dowan
  4627 | D:5      | Noticed Edmund
  4636 | D:5      | Killed Edmund
  4817 | D:6      | Identified a scroll of acquirement
  4817 | D:6      | Acquired a manual of Throwing
  4823 | D:6      | Reached skill level 10 in Long Blades
  4829 | D:6      | Reached XP level 9. HP: 71/71 MP: 9/9
  4850 | D:6      | You fall into a shaft and drop 2 floors!
  4877 | D:8      | Noticed a hornet
  4888 | D:8      | Killed a hornet
  5205 | D:7      | Found a staircase to the Ecumenical Temple.
  5266 | D:7      | Reached skill level 5 in Armour
  5514 | D:6      | Reached *** piety under Trog
  5523 | D:6      | Found a glowing drain.
  5530 | Sewer    | Entered a sewer
  6251 | D:6      | Reached skill level 1 in Throwing
  6251 | D:6      | Reached XP level 10. HP: 70/80 MP: 10/10
  6381 | D:6      | Noticed Prince Ribbit
  6397 | D:6      | Killed Prince Ribbit
  6722 | D:7      | Found an ancient bone altar of Kikubaaqudgha.
  7207 | D:8      | Reached **** piety under Trog
  7998 | D:8      | Reached skill level 5 in Throwing
  8089 | D:9      | Noticed a purple ugly thing
  8089 | D:9      | Noticed a centaur warrior
  8093 | D:9      | Noticed a brown ugly thing
  8102 | D:9      | Killed a purple ugly thing
  8110 | D:9      | Killed a purple ugly thing
  8111 | D:9      | Noticed a cyclops
  8115 | D:9      | Noticed a manticore
  8163 | D:9      | Killed a centaur warrior
  8164 | D:9      | Reached skill level 5 in Dodging
  8164 | D:9      | Reached XP level 11. HP: 75/86 MP: 11/11
  8355 | D:9      | Noticed a manticore
  8367 | D:9      | Reached skill level 1 in Evocations
  8373 | D:9      | Killed a manticore
  8426 | D:9      | Noticed Harold
  8440 | D:9      | Killed Harold
  8644 | D:9      | Killed a cyclops
  8645 | D:9      | Reached skill level 10 in Throwing
  8671 | D:9      | Found a staircase to the Lair.
  8858 | D:9      | Noticed a two-headed ogre
  8878 | D:9      | Killed a two-headed ogre
  9109 | D:9      | Killed a manticore
  9110 | D:9      | Reached skill level 1 in Shields
  9137 | D:9      | Noticed a two-headed ogre
  9143 | D:9      | Killed a two-headed ogre
  9144 | D:9      | Reached skill level 5 in Evocations
  9274 | D:9      | Found a staircase to the Orcish Mines.
  9461 | Lair:1   | Entered Level 1 of the Lair of Beasts
  9480 | Lair:1   | Noticed a seven-headed hydra
  9488 | Lair:1   | Killed a seven-headed hydra
  9528 | Lair:1   | Reached XP level 12. HP: 83/93 MP: 12/12
 10047 | Lair:1   | Noticed a six-headed hydra
 10058 | Lair:1   | Killed a six-headed hydra
 10287 | Lair:2   | Found a gate leading to a gauntlet.
 10332 | Gauntlet | Entered a Gauntlet
 10332 | Gauntlet | Found a transporter.
 10341 | Gauntlet | Found a transporter.
 10341 | Gauntlet | Found a transporter.
 10355 | Gauntlet | Found a transporter.
 10361 | Gauntlet | Found a runed translucent gate.
 10361 | Gauntlet | Found a runed translucent gate.
 10361 | Gauntlet | Found a runed translucent gate.
 10362 | Gauntlet | Noticed a green death
 10363 | Gauntlet | Found a transporter.
 10384 | Gauntlet | Found a transporter.
 10385 | Gauntlet | Noticed a death yak
 10386 | Gauntlet | Noticed a death yak
 10386 | Gauntlet | Noticed a death yak
 10388 | Gauntlet | Noticed a death yak
 10388 | Gauntlet | Noticed a death yak
 10395 | Gauntlet | Found a transporter.
 10398 | Gauntlet | Noticed a death yak
 10403 | Gauntlet | Found a runed translucent door.
 10404 | Gauntlet | Noticed a death scarab
 10405 | Gauntlet | Noticed a death scarab
 10406 | Gauntlet | Found a transporter.
 10426 | Gauntlet | Found a transporter.
 10439 | Gauntlet | Found a transporter.
 10439 | Gauntlet | Found a transporter.
 10482 | Gauntlet | Noticed a bunyip
 10482 | Gauntlet | a floating eye changed into a bunyip
 10484 | Gauntlet | Found a runed translucent door.
 10484 | Gauntlet | Noticed an ice dragon
 10484 | Gauntlet | a bunyip changed into an ice dragon
 10485 | Gauntlet | Noticed a radroach
 10485 | Gauntlet | an ice dragon changed into a radroach
 10487 | Gauntlet | Found a transporter.
 10488 | Gauntlet | a radroach changed into a tyrant leech
 10494 | Gauntlet | Noticed a bunyip
 10494 | Gauntlet | a tyrant leech changed into a bunyip
 10497 | Gauntlet | Noticed an alligator
 10497 | Gauntlet | a bunyip changed into an alligator
 10501 | Gauntlet | Noticed a bunyip
 10501 | Gauntlet | an alligator changed into a bunyip
 10503 | Gauntlet | Noticed an ice dragon
 10503 | Gauntlet | a bunyip changed into an ice dragon
 10504 | Gauntlet | Noticed an ettin
 10504 | Gauntlet | an ice dragon changed into an ettin
 10505 | Gauntlet | Found a transporter.
 10505 | Gauntlet | Noticed an ice dragon
 10505 | Gauntlet | an ettin changed into an ice dragon
 10507 | Gauntlet | Noticed a satyr
 10507 | Gauntlet | an ice dragon changed into a satyr
 10510 | Gauntlet | Found a transporter.
 10520 | Gauntlet | Noticed an alligator
 10520 | Gauntlet | a wolf spider changed into an alligator
 10521 | Gauntlet | an alligator changed into a tyrant leech
 10522 | Gauntlet | Noticed a radroach
 10522 | Gauntlet | a tyrant leech changed into a radroach
 10527 | Gauntlet | Noticed a satyr
 10527 | Gauntlet | a radroach changed into a satyr
 10529 | Gauntlet | Noticed a jorogumo
 10529 | Gauntlet | a satyr changed into a jorogumo
 10530 | Gauntlet | Noticed a satyr
 10530 | Gauntlet | a jorogumo changed into a satyr
 10532 | Gauntlet | Noticed a quicksilver ooze
 10532 | Gauntlet | a satyr changed into a quicksilver ooze
 10597 | Gauntlet | Reached skill level 5 in Shields
 10723 | Gauntlet | Noticed a two-headed ogre
 10725 | Gauntlet | a two-headed ogre changed into a moth of wrath
 10733 | Gauntlet | Killed a death yak
 10735 | Gauntlet | Noticed a bunyip
 10735 | Gauntlet | a lindwurm changed into a bunyip
 10735 | Gauntlet | Killed a death yak
 10736 | Gauntlet | Noticed an ettin
 10736 | Gauntlet | a bunyip changed into an ettin
 10737 | Gauntlet | an ettin changed into a tyrant leech
 10737 | Gauntlet | Killed a death yak
 10743 | Gauntlet | Killed a death yak
 10744 | Gauntlet | Killed a death yak
 10746 | Gauntlet | Killed a death yak
 10759 | Gauntlet | Noticed a satyr
 10759 | Gauntlet | an orb spider changed into a satyr
 10760 | Gauntlet | a satyr changed into a slime creature
 10761 | Gauntlet | Noticed a jorogumo
 10761 | Gauntlet | a slime creature changed into a jorogumo
 10762 | Gauntlet | Noticed a fire dragon
 10762 | Gauntlet | a jorogumo changed into a fire dragon
 10763 | Gauntlet | Noticed a boulder beetle
 10763 | Gauntlet | a fire dragon changed into a boulder beetle
 10807 | Gauntlet | Identified the +1 scale mail "Niesea" {rPois rF+++ rC-
                  | rCorr}
 10807 | Gauntlet | Noticed a minotaur
 10822 | Gauntlet | Killed a minotaur
 10858 | Gauntlet | Identified the +1 pair of boots of Cheibriados's Respect
                  | {rElec Str+7 Dex+3}
 11116 | Lair:2   | Noticed Amaemon
 11150 | Lair:2   | Killed Amaemon
 11155 | Lair:2   | Reached XP level 13. HP: 98/98 MP: 13/13
 11333 | Lair:2   | Noticed Maggie
 11340 | Lair:2   | Killed Maggie
 12738 | Lair:3   | Reached skill level 10 in Shields
 13686 | Lair:3   | Found a staircase to the Swamp.
 14870 | Lair:4   | Found a staircase to the Snake Pit.
 15680 | Lair:5   | Found an ancient bone altar of Kikubaaqudgha.
 15930 | Lair:5   | Identified the +4 ring mail of Ikiam {rElec rPois rF+ rN+}
 16505 | Lair:5   | Identified the +1 scale mail "Seemih" {Will+ Slay+2}
 16761 | Lair:6   | Entered Level 6 of the Lair of Beasts
 16833 | Lair:6   | Reached XP level 14. HP: 105/105 MP: 14/14
 17662 | Lair:6   | Reached ***** piety under Trog
 17853 | Lair:6   | Found a staircase to the Slime Pits.
 18147 | Lair:6   | Reached skill level 15 in Throwing
 19528 | Lair:6   | Found a runed translucent door.
 19569 | Lair:6   | Received a gift from Trog
 20055 | Lair:6   | Noticed frimble's ghost (journeyman GnWr)
 20116 | Lair:6   | Reached skill level 1 in Stealth
 20252 | Lair:6   | Reached XP level 15. HP: 66/110 MP: 15/15
 20824 | D:10     | Entered Level 10 of the Dungeon
 20857 | D:10     | Identified the +8 rapier of Eternal Harmony {freeze, Int+2
                  | Dex+4}
 21082 | D:10     | Noticed Sonja
 21093 | D:10     | Killed Sonja
 21241 | D:10     | Noticed Maurice
 21245 | D:10     | Killed Maurice
 21428 | D:10     | Found an opulent altar of Gozag.
 21474 | D:10     | Noticed Joseph
 21485 | D:10     | Killed Joseph
 21652 | D:10     | Found a sacrificial altar of Ru.
 22172 | D:11     | Reached skill level 10 in Dodging
 23048 | D:11     | Found Qyhaipp's General Store.
 23052 | D:11     | Found Kaoseq's Specific Store.
 23907 | D:12     | Found a hazy altar of Hepliaklqana.
 23908 | D:12     | Found a faded altar of an unknown god.
 23909 | D:12     | Paralysed by a kobold brigand for 3 turns
 24357 | D:13     | Found a runed translucent gate.
 24357 | D:13     | Found a runed translucent gate.
 24380 | D:13     | Noticed Yteof's ghost (journeyman DECj)
 24380 | D:13     | Identified the +6 scimitar "Vetiup" {speed, rF+}
 24429 | D:13     | Identified the +8 plate armour of Retwaep {Rampage rC+}
 24441 | D:13     | Found a runed translucent gate.
 24616 | D:13     | Identified the +8 dagger of Nisos {antimagic, +Blink rElec
                  | Str+2} (Trog gifted it to you on level 13 of the Dungeon)
 24616 | D:13     | Received a gift from Trog
 24711 | D:13     | Identified the ring of Summertime {rC+ Will+ Int+3 Stlth+}
 25470 | D:13     | Killed Yteof's ghost
 25671 | D:14     | Reached skill level 10 in Fighting
 25745 | D:14     | Noticed Lodul
 25771 | D:14     | Killed Lodul
 25888 | D:14     | Noticed Kirke
 25906 | D:14     | Killed Kirke
 26086 | D:14     | Noticed Rupert
 26109 | D:14     | Killed Rupert
 26244 | D:14     | Found Neulah's Assorted Antiques.
 26509 | D:14     | Found a gate to the Vaults.
 26579 | D:15     | Entered Level 15 of the Dungeon
 26591 | D:15     | Reached XP level 16. HP: 125/125 MP: 16/16
 26965 | D:15     | Noticed Jorgrun
 26973 | D:15     | Killed Jorgrun
 27260 | D:15     | Found a staircase to the Depths.
 27344 | D:15     | Received a gift from Trog
 28532 | Orc:1    | Entered Level 1 of the Orcish Mines
 28943 | Orc:2    | Entered Level 2 of the Orcish Mines
 29262 | Orc:2    | Received a gift from Trog
 29382 | Orc:2    | Noticed Saint Roka
 29389 | Orc:2    | Killed Saint Roka
 29747 | Orc:2    | Found Joth's Armour Shoppe.
 29895 | Orc:2    | Found Quotawet's Antique Armour Shop.
 30049 | Orc:2    | Found Soedofauso's Weapon Boutique.
 30049 | Orc:2    | Found Zumaoku's Antique Armour Emporium.
 30050 | Orc:2    | Found Pasytt's Antique Armour Emporium.
 30050 | Orc:2    | Found Buunuzon's Jewellery Shop.
 30136 | Orc:2    | Found a staircase to the Elven Halls.
 30279 | Orc:2    | Bought the amulet "Tyrhok" {Faith rCorr} for 789 gold
                  | pieces
 30330 | Orc:2    | Bought a fine ring mail for 288 gold pieces
 30330 | Orc:2    | Identified the +0 ring mail "Getoshok" {Drain Regen+ Dex+2
                  | Stlth+} (You bought it in a shop on level 2 of the Orcish
                  | Mines)
 30330 | Orc:2    | Bought a pair of runed boots for 240 gold pieces
 31120 | Swamp:1  | Entered Level 1 of the Swamp
 31186 | Swamp:1  | Reached XP level 17. HP: 37/139 MP: 17/17
 33327 | Swamp:1  | Reached skill level 15 in Long Blades
 33551 | Swamp:2  | Noticed Roxanne
 33552 | Swamp:2  | You fall into a shaft and drop 1 floor!
 34335 | Swamp:2  | Cast into level 3 of the Abyss (spriggan rider)
 34371 | Abyss:3  | Noticed a tentacled starspawn
 34385 | Abyss:3  | Killed a tentacled starspawn
 34393 | Abyss:3  | Noticed a tentacled starspawn
 34399 | Abyss:3  | Noticed a tentacled starspawn
 34401 | Abyss:3  | Killed a tentacled starspawn
 34411 | Abyss:3  | Killed a tentacled starspawn
 34458 | Abyss:3  | Noticed a profane servitor
 34471 | Abyss:3  | HP: 3/116 [profane servitor/+3 whip of draining (7)]
 34485 | Abyss:3  | Noticed a lich
 34486 | Abyss:3  | Killed a profane servitor
 34502 | Abyss:3  | Killed a lich
 34636 | Swamp:2  | Escaped the Abyss
 35397 | Swamp:2  | Killed Roxanne
 36299 | Swamp:3  | Reached skill level 15 in Shields
 37086 | D:4      | Bought the +6 double sword "Hofaddel" {freeze, rPois rC-
                  | Str+5} for 717 gold pieces
 37332 | Swamp:4  | Entered Level 4 of the Swamp
 37422 | Swamp:4  | Found a frozen archway.
 37429 | Swamp:4  | Noticed Bai Suzhen
 37448 | Swamp:4  | Killed from afar by Bai Suzhen

Illustrated notes

Levels and vault maps discovered:
D:1:      elethiomel_arrival_infinity_welcomes_careful_drivers, layout_rooms,
          shapermc_ecumenical_altar_notcrosses, hex_intersection
D:2:      layout_rooms
D:3:      layout_basic, nicolae_overflow_hidden_temple, fedhas_altar_4,
          chequers_garden
D:4:      layout_rooms, vehumet_crystals, nicolae_qazlal_style_of_elements,
          serial_shops, shop_statue, nicolae_shop_advertising_works
          [nicolae_subvault_shop_adworks], shop, nicolae_wooded_promenade,
          kennysheep_generic_room_14, uniq_blork_the_orc
D:5:      dreamdust_elfheim, layout_loops_cross, kennysheep_generic_room_10,
          uniq_edmund, uniq_menkaure
D:6:      layout_loops_ring, gup_sewer_entry_bubbles, uniq_duvessa,
          uniq_prince_ribbit1
D:7:      layout_basic, mainiacjoe_overflow_alcove_2,
          minmay_temple_entry_junction_2
D:8:      layout_basic, grunt_tough_drop
D:9:      minmay_the_grid_four_pointed_star_mashed
          [minmay_the_grid_triangle_9x9_longest,
          minmay_the_grid_triangle_9x9_corrupted_corridor,
          minmay_the_grid_triangle_9x9_flanged_cone,
          minmay_the_grid_triangle_9x9_descending_squares,
          minmay_the_grid_prize_four_corners], layout_basic, lair_entry_dummy,
          hiddenorc1_lemuel, hangedman_tell_no_tales, uniq_harold
D:10:     layout_basic, nicolae_gozag_seed_capital,
          nicolae_ru_great_annihilating_truth, uniq_joseph, uniq_maurice,
          uniq_sonja
D:11:     layout_small_grid, nicolae_specific_store
D:12:     layout_roguey, beargit_hepliaklqana_dungeon_heroes
D:13:     layout_basic, biasface_ghost_orc_armoury, minivault_11
D:14:     layout_big_octagon, ximxim_vaults_locker_room,
          hangedman_abyss_or_decor_slice, serial_shops, kennysheep_little_box,
          uniq_lodul, uniq_rupert, uniq_kirke
D:15:     grunt_enter_depths_hoard, layout_basic, minmay_misc_feat_diagonals,
          uniq_jorgrun
Lair:1:   layout_gridlike, grunt_megastairs_2, infiniplex_staircase_pool
Lair:2:   layout_cave_pods, gauntlet_entry_generic, uniq_maggie, uniq_amaemon
Lair:3:   layout_hall_layers, nicolae_swamp_entry_splash_gauntlet,
          grunt_forest_stairs_clearing
Lair:4:   layout_cave_pods, minmay_snake_entry_guardpost_small
Lair:5:   layout_gridlike, basic_altar
Lair:6:   minmay_lair_end_enchanted_forest, layout_cave_pods, slime_dummy,
          ebering_ghost_inner_flame
Swamp:1:  nicolae_swamp_wrong_neighborhood, layout_falls_marsh,
          serial_swamp_ruin, evilmike_swamp_ruin_house_1,
          evilmike_swamp_ruin_house_2
Swamp:2:  layout_basic_swamp, hangedman_swamp_diagram, swamp_pool3, uniq_roxanne
Swamp:3:  layout_falls_marsh, nicolae_swamp_well_well_well,
          beargit_elvish_explorers
Swamp:4:  swamp_old_school, layout_basic_swamp,
          portal_ice_cave_entry_ugly_swarm, uniq_bai_suzhen
Orc:1:    layout_diamond_mine, nicolae_orc_flooded_monolith, lemuel_statue_altar
Orc:2:    st_orc_ogre_mass, layout_diamond_mine, basic_altar, serial_shops,
          nicolae_shop_overgrown_old_shop, shop_statue, elves_outpost_lemuel,
          uniq_saint_roka

Skill      XL: |  1  2  3  4  5  6  7  8  9 10 11 12 13 14 15 16 17 |
---------------+----------------------------------------------------+-----
Long Blades    | 4 5 6 7 8 10 12 14 16 | 16.0
Armour         | 2 3 4 5 6 7 9 |  9.4
Fighting       | 4 5 6 8 11 14 | 14.2
Throwing       | 1 7 11 13 14 15 16 | 16.0
Dodging        | 5 6 9 10 12 | 12.5
Evocations     | 5 6 7 9 |  9.0
Shields        | 2 8 12 14 15 | 15.0
Stealth        | 2 4 |  4.0

Action                   |  1- 3 |  4- 6 |  7- 9 | 10-12 | 13-15 | 16-18 || total
-------------------------+-------+-------+-------+-------+-------+-------++-------
Melee: Falchion          |   109 |    92 |       |       |       |       ||   201
       Punch             |     1 |       |     4 |    10 |       |     5 ||    20
       Long sword        |       |    19 |   250 |   481 |  1414 |       ||  2164
       Scimitar          |       |       |    20 |    18 |   180 |  1122 ||  1340
       Tailslap          |       |       |     2 |       |       |    65 ||    67
       Short sword       |       |       |       |     8 |    19 |       ||    27
       Dagger            |       |       |       |       |    24 |       ||    24
       Rapier            |       |       |       |       |    11 |       ||    11
       Double sword      |       |       |       |       |       |    26 ||    26
Throw: Stone             |    15 |     8 |     8 |    13 |       |       ||    44
       Javelin           |       |       |       |    18 |    17 |    36 ||    71
       Dart              |       |       |       |    12 |   189 |     9 ||   210
       Boomerang         |       |       |       |    14 |     6 |    85 ||   105
       Throwing net      |       |       |       |       |     2 |     2 ||     4
Invok: Berserk           |     1 |     4 |     6 |     9 |    14 |    19 ||    53
       Trog's Hand       |       |     2 |     2 |     3 |     6 |     6 ||    19
       Brothers in Arms  |       |       |       |     3 |     3 |     6 ||    12
Evoke: Tin of tremorston |       |       |       |     1 |     1 |     1 ||     3
       Wand              |       |       |       |       |     5 |     4 ||     9
       Phial of floods   |       |       |       |       |       |     2 ||     2
  Use: Scroll            |       |       |    19 |     8 |     8 |     5 ||    40
       Potion            |       |       |     1 |     3 |       |    13 ||    17
 Stab: Sleeping          |     1 |       |       |       |     7 |    10 ||    18
       Distracted        |       |       |     1 |       |       |     3 ||     4
       Paralysed         |       |       |       |       |     4 |       ||     4
       Invisible         |       |       |       |       |     1 |       ||     1
       Held in net/web   |       |       |       |       |       |     3 ||     3
Armor: Animal skin       |     3 |       |       |       |       |       ||     3
       Ring mail         |    18 |       |       |       |   308 |   206 ||   532
       Chain mail        |    37 |    89 |   137 |   232 |     6 |       ||   501
       Scale mail        |       |       |       |     7 |       |       ||     7
       Swamp dragon scal |       |       |       |       |    97 |       ||    97
Dodge: Dodged            |    62 |    51 |    72 |   198 |   593 |   379 ||  1355
Block: Buckler           |       |       |       |    34 |       |       ||    34
       Kite shield       |       |       |       |    13 |   986 |   445 ||  1444
       Reflection        |       |       |       |       |       |     6 ||     6

Table legend: (Time is in decaauts)
 A = Elapsed time spent in this place.
 B = Non-inter-level travel time spent in this place.
 C = Inter-level travel time spent in this place.
 D = Time resting spent in this place.
 E = Time spent auto-exploring this place.
 F = Levels seen in this place.
 G = Mean time per level.
                   A        B        C        D        E       F      G
               +--------+--------+--------+--------+--------+-----+--------+
         Total |  36479 |  33945 |   2534 |   4736 |  22478 |  30 | 1216.0 |
       Dungeon |  17300 |  15734 |   1566 |   1976 |  10675 |  15 | 1153.3 |
          Lair |  10705 |  10175 |    530 |   1064 |   7151 |   6 | 1784.2 |
         Swamp |   5224 |   5093 |    131 |   1559 |   2786 |   4 | 1306.0 |
  Orcish Mines |   1997 |   1692 |    305 |      7 |   1367 |   2 |  998.5 |
         Abyss |    243 |    243 |      0 |     19 |     38 |   1 |  243.0 |
         Sewer |    284 |    284 |      0 |      0 |    165 |   1 |  284.0 |
      Gauntlet |    723 |    723 |      0 |    108 |    294 |   1 |  723.0 |
               +--------+--------+--------+--------+--------+-----+--------+

Top non-repeatable levels by time:
  Lair:6: 3449 daAuts
 Swamp:1: 2337 daAuts
    D:15: 1749 daAuts
  Lair:5: 1648 daAuts
  Lair:3: 1634 daAuts
  Lair:4: 1538 daAuts
     D:9: 1519 daAuts
  Lair:2: 1518 daAuts
 Swamp:2: 1427 daAuts
   Orc:2: 1400 daAuts
    D:13: 1397 daAuts
 Swamp:3: 1349 daAuts
     D:3: 1327 daAuts
    D:12: 1301 daAuts
    D:11: 1195 daAuts
